 Dungeon Crawl Stone Soup version 0.24-a0-350-g5b3daab8ba (webtiles) character file.

Game seed: 17952353603561497962

471 mhoghedin the Ruffian (level 6, -9/61 HPs)
             Began as a Troll Fighter on May 23, 2019.
             Was an Initiate of Wu Jian.
             Mangled by Menkaure (19 damage)
             ... on level 6 of the Dungeon.
             The game lasted 00:04:31 (2463 turns).

mhoghedin the Ruffian (Troll Fighter)               Turns: 2463, Time: 00:04:32

Health: -9/61      AC:  6    Str: 26    XL:     6   Next: 83%
Magic:  5/5        EV:  7    Int:  4    God:    Wu Jian [......]
Gold:   283        SH: 15    Dex: 10    Spells: 5/5 levels left

rFire    . . .     SeeInvis .     - Unarmed
rCold    . . .     Gourm    +   q - +0 large shield
rNeg     . . .     Faith    +   a - +0 robe
rPois    .         Spirit   .   (helmet restricted)
rElec    .         Reflect  .   (no cloak)
rCorr    .         Harm     .   (gloves unavailable)
MR       .....                  (boots unavailable)
Stlth    +.........             m - amulet of faith {Faith, !P}
HPRegen  0.60/turn              h - ring of flight {+Fly, !d}
MPRegen  0.09/turn              (no ring)

@: no status effects
A: large, unfitting armour, claws 3, fast metabolism 3, gourmand, regeneration
1, shaggy fur 1, tough skin 3
a: Renounce Religion, Evoke Flight


You were on level 6 of the Dungeon.
You worshipped Wu Jian.
Wu Jian was noncommittal.
You were not hungry.

You visited 2 branches of the dungeon, and saw 6 of its levels.

You collected 283 gold pieces.

Inventory:

Armour
 a - a +0 robe (worn)
 q - a +0 large shield (worn)
   (You found it on level 5 of the Dungeon)
Jewellery
 h - a ring of flight (left claw) {+Fly, !d}
   (You found it on level 2 of the Dungeon)
 m - an amulet of faith (around neck) {Faith, !P}
   (You found it on level 2 of the Dungeon)
Wands
 b - a wand of clouds (7)
   (You found it on level 5 of the Dungeon)
 o - a wand of random effects (27)
   (You found it on level 2 of the Dungeon)
Scrolls
 e - 6 scrolls of identify {unknown}
 f - a scroll of immolation {unknown}
 g - a scroll of magic mapping {unknown}
 i - a scroll of remove curse {unknown}
 l - 3 scrolls of teleportation {unknown}
Potions
 c - a potion of might
 j - 2 potions of curing {unknown}
 k - 2 potions of flight {unknown}
 n - 2 potions of lignification {unknown}
 p - 2 potions of berserk rage {unknown}
Comestibles
 d - 8 rations


   Skills:
 + Level 3.5 Fighting
 + Level 3.6 Dodging
 + Level 3.6 Shields
 + Level 4.8 Unarmed Combat


You had 5 spell levels left.
You didn't know any spells.
Your spell library contained the following spells:

 Spells                   Type           Power        Failure   Level  Hunger
 Animate Skeleton         Necr           N/A          100%        1    ##.....
 Apportation              Tloc           #.....       100%        1    ##.....
 Confusing Touch          Hex            #.....       100%        1    ##.....
 Summon Small Mammal      Summ           #...         100%        1    ##.....


Dungeon Overview and Level Annotations

Branches:
Dungeon (6/15)             Temple (1/1) D:5

Altars:
Ashenzari
Cheibriados
Dithmenos
Elyvilon
Fedhas
Hepliaklqana
Kikubaaqudgha
Makhleb
Nemelex Xobeh
Okawaru
Qazlal
Ru
Trog
Vehumet
Wu Jian
Xom
Zin
The Shining One

Annotations:
D:3 Sigmund
D:6 Menkaure


Innate Abilities, Weirdness & Mutations

You are too large for most types of armour.
You have claws for hands.
Your metabolism is lightning-fast.
You like to eat raw meat.
Your natural rate of healing is unusually fast.
You are covered in fur. (AC +1)
You have extremely tough skin. (AC +3)


Message History

There is an open door here.
There is an open door here.
You are feeling very hungry.
No target in view!
You see here 11 stones.
Found an escape hatch in the floor.
e - 6 scrolls labeled ZONAUF CA ROFO (gained 1)
You are near starving!
You see here a shiny helmet.
Done exploring.
Done exploring.
(D) Dungeon (T) Temple
Where to? (Enter - D:5, ? - help)
You are starving!
You eat one of the 8 rations.
That ration really hit the spot!
(D) Dungeon (T) Temple
Where to? (Enter - D:6, ? - help)
There is a stone staircase leading down here.
You climb downwards.
There is a stone staircase leading up here.
You now have 283 gold pieces (gained 18).
You hear a distant slurping noise.
A crimson imp comes into view.
You scratch the crimson imp. The crimson imp closely misses you.
You barely miss the crimson imp.
The crimson imp blinks!
An adder skeleton comes into view.
Found a stone staircase leading down.
There are monsters nearby!
You scratch the crimson imp. You block the crimson imp's attack.
You miss the crimson imp. The crimson imp barely misses you.
You claw the crimson imp!
You kill the crimson imp!
The Council accepts your kill.
You mangle the adder skeleton!!
You destroy the adder skeleton!
The Council accepts your kill.
l - 3 scrolls labeled GEIBUV AWKI (gained 1) Edmund the Younger comes into view.
He is wielding a +3 flail of holy wrath and carrying a wand of random effects (20).
Edmund shouts!
Edmund says, "People accused me of being a cutpurse!"
You see here a ration.
You lunge at Edmund.
You closely miss Edmund. You block Edmund's attack.
You closely miss Edmund. You claw Edmund! You block Edmund's attack.
You claw Edmund! You block Edmund's attack.
You scratch Edmund but do no damage. You block Edmund's attack.
You hear a distant slurping noise.
You claw Edmund! You block Edmund's attack.
You closely miss Edmund.
Edmund hits you with a +3 flail of holy wrath.
You take 5 damage, and have 56/61 hp.
Your shield prevents you from hitting Edmund.
You claw Edmund!
You kill Edmund!
The Council accepts your kill.
No target in view!
o - a wand of random effects (33) (gained 20 charges)
Things that are here:
a +3 flail of holy wrath; a +0 scale mail; the human corpse of Edmund You butcher the human corpse of Edmund.
r - 2 chunks of flesh {@w0}
Things that are here:
a +3 flail of holy wrath; a +0 scale mail; the human skeleton of Edmund You regained 2 hp, and now have 60/61 hp.
Eating one of 2 chunks of flesh {@w0}.
You eat one of the 2 chunks of flesh {@w0}.
This raw flesh tastes great.
Eating a chunk of flesh {@w0}.
You eat the chunk of flesh {@w0}.
This raw flesh tastes great.
d - 8 rations (gained 1)
You hear a distant slurping noise.
Things that are here:
a +3 flail of holy wrath; a +0 scale mail; the human skeleton of Edmund
Found a stone staircase leading down.
Health restored: 61 No target in view!
There is a stone staircase leading down here.
Menkaure, Prince of Dust comes into view.
Menkaure shouts!
You see here 23 gold pieces.
Aim: Menkaure The puff of frost hits Menkaure.
Menkaure resists.
Aim: Menkaure (lightly damaged) Menkaure flickers and vanishes!
Deactivating autopickup; reactivate with Ctrl-A.
Nothing appears to happen.
The puff of frost hits something.
Nothing appears to happen.
Nothing appears to happen.
Something calls on the powers of darkness!
Your body is wracked with pain!
You take 29 damage, and have 32/61 hp.
MASSIVE DAMAGE!!
Your shield prevents you from hitting something.
Something hits you!!
* * * LOW HITPOINT WARNING * * *
You take 22 damage, and have 10/61 hp.
MASSIVE DAMAGE!!
You claw something! You block something's attack. Something hits you!!
You die...

#.# #...#..# ..# #.#
#....... ..# # #.#
#....#.###..#.# #.#
#...........#.# #.#
#..#...(......##.####)#
#.............##......#
.#............########..
.......@...............#
............############
###...P.P..>............
#..####..#############
+.. #..# #. #..# # #..#
...# ....#


There were no monsters in sight!

Vanquished Creatures
  Edmund (D:6)
  2 crimson imps
  A bullfrog skeleton (D:5)
  An orc wizard (D:3)
  An iguana (D:5)
  Natasha (D:3)
  A worker ant (D:5)
  7 adders
  A shadow imp (D:3)
  An adder skeleton (D:6)
  2 worms (D:2)
  3 dart slugs
  2 leopard geckos
  2 orcs (D:3)
  3 ball pythons
  3 giant cockroaches
  7 hobgoblins
  11 jackals
  A quokka (D:2)
  8 bats
  4 frilled lizards (D:2)
  8 goblins
  A jackal zombie (D:5)
  8 kobolds
  4 rats
84 creatures vanquished.

Notes
Turn   | Place    | Note
-------+----------+-------------------------------------------
     0 | D:1      | mhoghedin the Troll Fighter began the quest for the Orb.
     0 | D:1      | Reached XP level 1. HP: 22/22 MP: 0/0
    22 | D:1      | Reached XP level 2. HP: 27/29 MP: 1/1
    48 | D:1      | Reached skill level 3 in Unarmed Combat
   503 | D:1      | Reached XP level 3. HP: 36/36 MP: 2/2
   613 | D:2      | Found a radiant altar of Vehumet.
   890 | D:2      | Reached XP level 4. HP: 44/44 MP: 3/3
  1348 | D:3      | Reached skill level 4 in Unarmed Combat
  1376 | D:3      | Noticed Sigmund
  1445 | D:3      | Reached XP level 5. HP: 49/52 MP: 4/4
  1486 | D:3      | Noticed Natasha
  1493 | D:3      | Killed Natasha
  1493 | D:3      | Reached skill level 3 in Fighting
  1493 | D:3      | Reached skill level 3 in Dodging
  1493 | D:3      | Reached skill level 3 in Shields
  1516 | D:3      | You fall into a shaft and drop 2 floors!
  1516 | D:5      | Entered Level 5 of the Dungeon
  1549 | D:5      | Found a staircase to the Ecumenical Temple.
  1555 | Temple   | Entered the Ecumenical Temple
  1763 | Temple   | Became a worshipper of the Wu Jian Council
  1796 | D:5      | Found an iron altar of Okawaru.
  1978 | D:5      | Reached XP level 6. HP: 50/61 MP: 5/5
  2242 | D:5      | Found a hazy altar of Hepliaklqana.
  2242 | D:5      | Found a shattered altar of Ashenzari.
  2409 | D:6      | Noticed Edmund
  2420 | D:6      | Killed Edmund
  2455 | D:6      | Noticed Menkaure
  2462 | D:6      | HP: 10/61 [something (23)]
  2463 | D:6      | Mangled by Menkaure

Levels and vault maps discovered:
D:1:      ncdulo_watergridlock, layout_rooms, minmay_misc_feat_rows
D:2:      layout_basic, fiery_altar_vehumet, minmay_guardbox
D:3:      layout_rooms, first_ration, uniq_natasha, uniq_sigmund
D:5:      kennysheep_spiral_hall, layout_basic, okawaru_metal_pillars_1_2,
          gammafunk_temple_overflow_elements, minmay_temple_entry_grid
D:6:      corexii_shack_village, layout_basic, old_standard_altar, uniq_edmund,
          uniq_crazy_yiuf_cottage, uniq_menkaure
Temple:   eino_temple_water

Skill      XL: |  1  2  3  4  5 |
---------------+----------------+-----
Unarmed Combat | 3 4 |  4.8
Fighting       | 3 |  3.5
Dodging        | 3 |  3.6
Shields        | 3 |  3.6

Action                   |  1- 3 |  4- 6 || total
-------------------------+-------+-------++-------
Melee: Unarmed           |   143 |   103 ||   246
Invok: Lunge             |       |     2 ||     2
Evoke: Wand              |       |     6 ||     6
 Stab: Sleeping          |     1 |       ||     1
  Eat: Chunk             |    14 |     5 ||    19
       Ration            |       |     1 ||     1
Armor: Robe              |    58 |    23 ||    81
Dodge: Dodged            |    52 |    24 ||    76
Block: Shield            |    66 |    29 ||    95
       Large shield      |       |    11 ||    11

Table legend:
 A = Non-vault XP
 B = Vault XP
 C = Vault XP percentage of total XP
 D = Non-vault monster count
 E = Vault monster count
 F = Vault count percentage of total count
                 A         B        C        D         E       F
            +---------+---------+-------+---------+---------+-------
      Total |     365 |     309 |  45.8 |      69 |      15 |  17.9
            +---------+---------+-------+---------+---------+-------
        D:1 |      44 |       0 |   0.0 |      25 |       0 |   0.0
        D:2 |      65 |      39 |  37.5 |      27 |      10 |  27.0
        D:3 |      77 |      35 |  31.2 |       9 |       1 |  10.0
        D:5 |     128 |      71 |  35.7 |       6 |       3 |  33.3
        D:6 |      51 |     164 |  76.3 |       2 |       1 |  33.3
            +---------+---------+-------+---------+---------+-------

Levels and vault maps discovered:
D:1:      ncdulo_watergridlock, layout_rooms, minmay_misc_feat_rows
D:2:      layout_basic, fiery_altar_vehumet, minmay_guardbox
D:3:      layout_rooms, first_ration, uniq_natasha, uniq_sigmund
D:5:      kennysheep_spiral_hall, layout_basic, okawaru_metal_pillars_1_2,
          gammafunk_temple_overflow_elements, minmay_temple_entry_grid
D:6:      corexii_shack_village, layout_basic, old_standard_altar, uniq_edmund,
          uniq_crazy_yiuf_cottage, uniq_menkaure
Temple:   eino_temple_water

Table legend:
 A = Turns spent in this place as a percentage of turns spent in the entire game.
 B = Non-inter-level travel turns spent in this place as a percentage of non-inter-level travel turns spent in the entire game.
 C = Inter-level travel turns spent in this place as a percentage of turns spent in this place.
 D = Turns resting spent in this place as a percentage of non-inter-level travel turns spent in this place.
 E = Turns spent auto-exploring this place as a percentage of non-inter-level travel turns spent in this place.
 F = Non-inter-level travel turns spent in this place divided by the number of levels of this place that you've seen.
                   A       B       C       D       E      F
               +-------+-------+-------+-------+-------+----------------------
         Total | 100.0 | 100.0 |   5.0 |   0.0 |  74.8 | 389.8
       Dungeon |  90.9 |  91.2 |   4.6 |   0.0 |  72.5 | 426.8
        Temple |   9.1 |   8.8 |   8.9 |   0.0 |  99.0 | 205.0
               +-------+-------+-------+-------+-------+----------------------

Table legend:
 A = Kills in this place as a percentage of kills in entire the game.
 B = Kills by you in this place as a percentage of kills by you in the entire game.
 C = Kills by friends in this place as a percentage of kills by friends in the entire game.
 D = Other kills in this place as a percentage of other kills in the entire game.
 E = Experience gained in this place as a percentage of experience gained in the entire game.
 F = Experience gained in this place divided by the number of levels of this place that you have seen.
                   A       B       C       D       E      F
               +-------+-------+-------+-------+-------+----------------------
         Total | 100.0 | 100.0 |   N/A |   N/A | 100.0 | 112.3
       Dungeon | 100.0 | 100.0 |   N/A |   N/A | 100.0 | 134.8
               +-------+-------+-------+-------+-------+----------------------
